 Dungeon Crawl Stone Soup version 0.26-a0-639-g72c4674 (webtiles) character file.

Game seed: 14035198441937282802

274 royokou the Conjurer (level 6, 0/53 HPs)
             Began as an Ogre Hedge Wizard on Sept 15, 2020.
             Succumbed to a scorpion's poison
             ... on level 3 of the Dungeon.
             The game lasted 00:17:01 (5285 turns).

royokou the Conjurer (Ogre Hedge Wizard)            Turns: 5285, Time: 00:17:01

Health: 0/53       AC:  3    Str: 15    XL:     6   Next: 24%
Magic:  2/11       EV: 10    Int: 17    God:
Gold:   296        SH:  0    Dex: 14    Spells: 1/12 levels left

rFire    . . .     SeeInvis .   d - +0 spear
rCold    . . .     Faith    .   (no shield)
rNeg     . . .     Spirit   .   b - +0 robe
rPois    .         Reflect  .   p - +0 hat
rElec    .         Harm     .   (no cloak)
rCorr    .         Rampage  .   (gloves unavailable)
MR       .....                  (boots unavailable)
Stlth    ++........             (no amulet)
HPRegen  0.17/turn              m - +6 ring of dexterity
MPRegen  0.12/turn              (no ring)

@: brilliant, lethally poisoned (0 -> -16)
A: large, unfitting armour, tough skin 1
a: no special abilities


You were on level 3 of the Dungeon.
You visited 1 branch of the dungeon, and saw 4 of its levels.

You collected 296 gold pieces.

Inventory:

Hand Weapons
 a - a +0 dagger
 d - a +0 spear (weapon)
Armour
 b - a +0 robe (worn)
 p - a +0 hat (worn)
Jewellery
 m - a +6 ring of dexterity (left hand)
Wands
 u - a wand of acid (8)
Scrolls
 c - a scroll of magic mapping {unknown}
 f - a scroll of blinking {unknown}
 h - 8 scrolls of identify {unknown}
 i - a scroll of noise {unknown}
 k - a scroll of teleportation {unknown}
 o - a scroll of amnesia {unknown}
 q - 2 scrolls of fog {unknown}
Potions
 e - a potion of brilliance
 g - a potion of lignification {unknown}
 j - a potion of invisibility
 l - a potion of resistance {unknown}
 n - a potion of curing {unknown}
 r - a potion of flight {unknown}
 s - a potion of ambrosia {unknown}
 t - a potion of might {unknown}


   Skills:
 - Level 1.7 Dodging
 - Level 1.4 Stealth
 - Level 3.6 Spellcasting
 * Level 4.4 Conjurations
 - Level 2.3 Summonings
 - Level 0.8 Translocations
 + Level 1.2 Fire Magic
 + Level 0.9 Air Magic
 + Level 0.9 Poison Magic


You had one spell level left.
You knew the following spells:

 Your Spells              Type           Power        Failure   Level
a - Magic Dart            Conj           ####         2%          1
b - Blink                 Tloc           N/A          17%         2
c - Call Imp              Summ           ###.....     10%         2
d - Conjure Flame         Conj/Fire      ###.....     16%         3
e - Mephitic Cloud        Conj/Pois/Air  ###.....     21%         3

Your spell library contained the following spells:

 Spells                   Type           Power        Failure   Level
 Slow                     Hex            #.......     26%         2


Dungeon Overview and Level Annotations

Branches:
Dungeon (4/15)
 Temple: D:4-7

Altars:
Dithmenos
Gozag


Innate Abilities, Weirdness & Mutations

You are too large for most types of armour.
You have tough skin. (AC +1)


Message History

You feel sick.
* * * LOW HITPOINT WARNING * * *
You feel sick.
* * * LOW HITPOINT WARNING * * *
You feel sick.
* * * LOW HITPOINT WARNING * * *
You feel sick.
There is a stone staircase leading up here.
* * * LOW HITPOINT WARNING * * *
You feel sick. The scorpion stings you.
* * * LOW HITPOINT WARNING * * *
You are more poisoned.
The scorpion poisons you!
You climb upwards.
* * * LOW HITPOINT WARNING * * *
You feel very sick.
There is a stone staircase leading down here.
It was a potion of brilliance.
You feel clever all of a sudden.
You die...

#.###)..........# #..... #.#
####...###### ##...# #.# ##.##
##.## #########.# #.# #.#
..........# #.# #.# .#######..#
##'## #.# .# #####..# ##...## #.#
.# #......# ##.....## ####.#
.###.##..## ##.s@....## ##.##.#
.........####.........####...#.##
............'.........'..........
####.#...####.........####.......
........## ##.......## ##......
.###.#.#### ##.....## #...... .#
#......# ##...## #...... .#
###.##.# ##'#########.##.##
.#####.##.# #.# #.....#......


You could see a scorpion.

Vanquished Creatures
  A howler monkey (D:4)
  An orc priest (D:3)
  Jessica (D:2)
  6 adders
  2 oozes
  An adder skeleton (D:4)
  A worm (D:3)
  4 dart slugs
  2 leopard geckos (D:3)
  8 orcs (D:3)
  5 bats
  7 giant cockroaches
  5 goblins
  7 hobgoblins
  5 kobolds
  3 quokkas
  7 frilled lizards
  2 rats
68 creatures vanquished.

Vanquished Creatures (collateral kills)
  A worker ant (D:4)
  3 gnolls (D:2)
  2 orcs (D:3)
6 creatures vanquished.

Grand Total: 74 creatures vanquished

Notes
Turn   | Place    | Note
-------+----------+-------------------------------------------
     0 | D:1      | royokou the Ogre Hedge Wizard began the quest for the Orb.
     0 | D:1      | Reached XP level 1. HP: 16/16 MP: 5/5
    71 | D:1      | Reached skill level 1 in Conjurations
   131 | D:1      | Reached XP level 2. HP: 21/24 MP: 6/6
   135 | D:1      | Learned a level 2 spell: Blink
   138 | D:1      | Learned a level 2 spell: Call Imp
   179 | D:1      | Reached skill level 1 in Summonings
   286 | D:1      | Reached skill level 2 in Conjurations
  1120 | D:2      | Reached XP level 3. HP: 5/31 MP: 4/8
  1402 | D:2      | Found a shadowy altar of Dithmenos.
  1402 | D:2      | Found an opulent altar of Gozag.
  2180 | D:2      | Reached XP level 4. HP: 39/39 MP: 7/9
  2231 | D:2      | Reached skill level 3 in Conjurations
  2439 | D:2      | Noticed Jessica
  2445 | D:2      | Killed Jessica
  2908 | D:3      | Reached XP level 5. HP: 43/45 MP: 3/10
  2958 | D:3      | Learned a level 3 spell: Conjure Flame
  2962 | D:3      | Learned a level 3 spell: Mephitic Cloud
  3595 | D:3      | Reached skill level 4 in Conjurations
  4657 | D:4      | Reached skill level 1 in Fire Magic
  4657 | D:4      | Reached XP level 6. HP: 53/53 MP: 6/11
  5284 | D:3      | HP: 1/53 [poisoned by a scorpion]
  5285 | D:3      | Succumbed to a scorpion's poison

Illustrated notes

Levels and vault maps discovered:
D:1:      dpeg_arrival_orchard, layout_basic, minmay_misc_feat_four_crosses
D:2:      layout_loops_corners, gammafunk_temple_overflow_wave, uniq_jessica
D:3:      layout_loops_corners
D:4:      layout_loops_corners

Skill      XL: |  1  2  3  4  5 |
---------------+----------------+-----
Conjurations   | 1 2 3 4 |  4.4
Summonings     | 1 2 |  2.3
Fire Magic     | 1 |  1.2
Dodging        | |  1.7
Stealth        | |  1.4
Spellcasting   | |  3.6
Translocations | |  0.8
Air Magic      | |  0.9
Poison Magic   | |  0.9

Action                   |  1- 3 |  4- 6 || total
-------------------------+-------+-------++-------
Melee: Spear             |    64 |    90 ||   154
 Cast: Magic Dart        |    49 |   114 ||   163
       Call Imp          |     6 |     8 ||    14
       Conjure Flame     |       |     4 ||     4
  Use: Potion            |       |     2 ||     2
 Stab: Sleeping          |     1 |     1 ||     2
Armor: Robe              |    25 |    18 ||    43
Dodge: Dodged            |    34 |    62 ||    96

Table legend: (Time is in decaauts)
 A = Elapsed time spent in this place.
 B = Non-inter-level travel time spent in this place.
 C = Inter-level travel time spent in this place.
 D = Time resting spent in this place.
 E = Time spent auto-exploring this place.
 F = Levels seen in this place.
 G = Mean time per level.
                   A        B        C        D        E       F      G
               +--------+--------+--------+--------+--------+-----+--------+
         Total |   5300 |   5217 |     83 |   1475 |   3098 |   4 | 1325.0 |
       Dungeon |   5300 |   5217 |     83 |   1475 |   3098 |   4 | 1325.0 |
               +--------+--------+--------+--------+--------+-----+--------+

Top non-repeatable levels by time:
     D:3: 1921 daAuts
     D:2: 1812 daAuts
     D:1: 1054 daAuts
     D:4: 511 daAuts
